 Dungeon Sprint DCSS version 0.23-a0-169-gb21e695 (webtiles) character file.

401 Fang the Fighter (level 6, 0/48 HPs)
             Began as a Gargoyle Berserker on Sept 11, 2018.
             Was a Priest of Trog.
             Slain by a warg (10 damage)
             ... in the Dungeon (Sprint VII: "The Pits").
             The game lasted 00:01:28 (378 turns).

Fang the Fighter (Gargoyle Berserker)                Turns: 378, Time: 00:01:29

Health: 0/48       AC:  6    Str: 22    XL:     6   Next: 85%
Magic:  6/6        EV: 13    Int:  8    God:    Trog [***...]
Gold:   0          SH:  0    Dex:  9    Spells: 5/5 levels left

rFire    . . .     SeeInvis .   n - +1 hand axe (freeze)
rCold    . . .     Gourm    .   (no shield)
rNeg     + . .     Faith    .   b - +0 animal skin
rPois    ∞         Spirit   .   (no helmet)
rElec    +         Reflect  .   (no cloak)
rCorr    .         Harm     .   (no gloves)
MR       .....     NoTele   +   (no boots)
Stlth    +.........             (no amulet)
HPRegen  0.16/turn              (no ring)
MPRegen  0.10/turn              (no ring)

@: berserk cooldown, slowed, very slow
A: negative energy resistance 1, electricity resistance, unbreathing,
petrification resistance, rot immunity, AC +4
a: Berserk, Trog's Hand, Renounce Religion


You were in the Dungeon.
You worshipped Trog.
Trog was most pleased with you.
You were very hungry.

You visited 1 branch

Inventory:

Hand Weapons
 j - a +2 hand axe
 n - a +1 hand axe of freezing (weapon)
Armour
 b - a +0 animal skin (worn)
Scrolls
 i - a scroll of blinking
 k - 3 scrolls of remove curse
 l - a scroll of summoning
Potions
 a - 2 potions of invisibility
 d - 6 potions of curing
 e - 6 potions of heal wounds
 f - a potion of haste
 g - 4 potions of magic
 h - 3 potions of berserk rage
Comestibles
 c - 8 rations
 m - 4 chunks of flesh


   Skills:
 + Level 9.8 Fighting
 + Level 9.1 Axes
 + Level 4.9 Armour
 + Level 4.3 Dodging


You had 5 spell levels left.
You didn't know any spells.
Your spell library was empty.

Dungeon Overview and Level Annotations

Branches:
Dungeon (1/1)

Altars:
Cheibriados
Dithmenos
Elyvilon
Fedhas
Gozag
Hepliaklqana
Makhleb
Nemelex Xobeh
Okawaru
Qazlal
Ru
Sif Muna
Trog
Vehumet
Wu Jian
Xom
Yredelemnul
Zin
The Shining One
Beogh
Jiyva
Lugonu


Innate Abilities, Weirdness & Mutations

You are resistant to torment.
Your stone body is resilient. (AC +4)
You are immune to poison.
You resist negative energy. (rN+)
You are resistant to electric shocks. (rElec)
You can survive without breathing.
You are immune to petrification.
You are immune to rotting.


Message History

The warg bites you. The warg misses you.
You fail to use your ability.
The warg closely misses you. x2
Your ogre goes berserk!
You feel quite a bit more hungry.
You can no longer call in reinforcements.
The warg bites you!
* * * LOW HITPOINT WARNING * * *
The warg bites you but does no damage.
Your ogre barely misses the warg.
The warg closely misses you.
Unknown command.
Your ogre hits the warg with a giant club!!
The warg bites you.
* * * LOW HITPOINT WARNING * * *
Unknown command.
Your ogre closely misses the warg.
The warg barely misses you.
Some of the chunks of flesh in your inventory have rotted away.
Unknown command.
Your ogre closely misses the warg.
The warg bites you!
You die...

________.#
________.#
______...#######
##########'##.....
#.?(.')))'.##.....
##########.##.....
#...........'.....
#'#####÷#####..†..
#@#...#.#[[##.....
#h#...#.#))#####'#
#O#..)'(#.)##.....
#.##'####))##.....
#.#.÷†..#..##.....
#.#.....#'###...<.
#.#........##.....
#.#........##.....
#'###########.....


You could see a warg and a friendly ogre (berserk).

Vanquished Creatures
  A hungry ghost (D)
  A water moccasin (D)
  A wolf (D)
  An iron imp (D)
  2 worker ants (D)
  An adder (D)
  An ooze (D)
  A ball python (D)
  A kobold (D)
  2 bats (D)
  A rat (D)
13 creatures vanquished.

Notes
Turn   | Place    | Note
-------+----------+-------------------------------------------
     0 | D        | Fang the Gargoyle Berserker began the quest for the Orb.
     0 | D        | Reached XP level 1. HP: 14/14 MP: 1/1
    29 | D        | Found a bloodstained altar of Trog.
    29 | D        | Found a deep blue altar of Sif Muna.
    29 | D        | Found a viscous altar of Jiyva.
    29 | D        | Found a hazy altar of Hepliaklqana.
    29 | D        | Found an opulent altar of Gozag.
    30 | D        | Found a glowing golden altar of the Shining One.
    30 | D        | Found a glowing silver altar of Zin.
    30 | D        | Found a basalt altar of Yredelemnul.
    30 | D        | Found a shimmering altar of Xom.
    30 | D        | Found an ornate altar of the Wu Jian Council.
    30 | D        | Found a sacrificial altar of Ru.
    30 | D        | Found a stormy altar of Qazlal.
    30 | D        | Found an iron altar of Okawaru.
    30 | D        | Found a sparkling altar of Nemelex Xobeh.
    30 | D        | Found a burning altar of Makhleb.
    30 | D        | Found a blossoming altar of Fedhas.
    30 | D        | Found a white marble altar of Elyvilon.
    30 | D        | Found a shadowy altar of Dithmenos.
    30 | D        | Found a snail-covered altar of Cheibriados.
    32 | D        | Found a radiant altar of Vehumet.
    32 | D        | Found a corrupted altar of Lugonu.
    32 | D        | Found a roughly hewn altar of Beogh.
    73 | D        | Reached XP level 2. HP: 18/20 MP: 2/2
    75 | D        | Reached ** piety under Trog
   105 | D        | Reached skill level 5 in Fighting
   105 | D        | Reached XP level 3. HP: 26/26 MP: 3/3
   155 | D        | Noticed a water moccasin
   160 | D        | Reached skill level 5 in Axes
   160 | D        | Reached XP level 4. HP: 32/32 MP: 4/4
   162 | D        | Reached *** piety under Trog
   166 | D        | Killed a water moccasin
   166 | D        | Reached XP level 5. HP: 39/39 MP: 5/5
   321 | D        | Noticed a hungry ghost
   328 | D        | Noticed a wolf
   332 | D        | Reached **** piety under Trog
   333 | D        | Noticed a warg
   339 | D        | Killed a wolf
   339 | D        | Reached XP level 6. HP: 45/45 MP: 6/6
   354 | D        | Paralysed by fainting for 11 turns
   368 | D        | Killed a hungry ghost
   378 | D        | Slain by a warg

Vault maps used:
D:        pitsprint

Skill      XL: |  1  2  3  4  5  6 |
---------------+-------------------+-----
Fighting       | 4 5 6 7 8 9 |  9.8
Axes           | 3 4 5 6 8 9 |  9.1
Armour         | 3 4 |  4.9
Dodging        | 2 3 4 |  4.3

Action                   |  1- 3 |  4- 6 || total
-------------------------+-------+-------++-------
Melee: Hand axe          |    17 |    38 ||    55
Invok: Berserk           |     2 |     1 ||     3
       Brothers in Arms  |       |     1 ||     1
  Eat: Ration            |       |     1 ||     1
Armor: Animal skin       |     4 |    15 ||    19
Dodge: Dodged            |    16 |    27 ||    43

Table legend:
 A = Non-vault XP
 B = Vault XP
 C = Vault XP percentage of total XP
 D = Non-vault monster count
 E = Vault monster count
 F = Vault count percentage of total count
                 A         B        C        D         E       F
            +---------+---------+-------+---------+---------+-------
      Total |       0 |     573 | 100.0 |       0 |      13 | 100.0
            +---------+---------+-------+---------+---------+-------
          D |       0 |     573 | 100.0 |       0 |      13 | 100.0
            +---------+---------+-------+---------+---------+-------
